 Dungeon Crawl Stone Soup version 0.19.0-18-g426998a (webtiles) character file.

25237 Jerry the Carver (level 12, -2/85 HPs)
             Began as a Demigod Skald on Nov 12, 2016.
             Slain by a 12-headed hydra (9 damage)
             ... on level 3 of the Lair of Beasts.
             The game lasted 01:13:53 (13650 turns).

Jerry the Carver (Demigod Skald)                   Turns: 13650, Time: 01:13:55

Health: -2/85      AC: 15    Str: 19    XL:     12   Next: 52%
Magic:  11/23      EV: 22    Int: 20    God:
Gold:   628        SH:  0    Dex: 17    Spells: 2 memorised, 17 levels left

rFire  . . .     SeeInvis .     t - +5 falchion (elec)
rCold  . . .     Gourm    .     R - +0 scale mail
rNeg   . . .     Faith    .     (no shield)
rPois  +         Spirit   .     F - +0 hat
rElec  .         Reflect  .     g - +2 cloak
rCorr  .         Harm     .     (no gloves)
MR     +....                    H - +2 pair of boots
Stlth  ..........               (no amulet)
                                n - +4 ring of evasion
                                u - ring of poison resistance

@: infused, regenerating
A: repulsion field 1, agile 1, blurry vision 2, high mp 1, poison resistance,
regeneration 1
a: no special abilities


You were on level 3 of the Lair of Beasts.
You were hungry.

You visited 2 branches of the dungeon, and saw 13 of its levels.

You collected 688 gold pieces.
You spent 60 gold pieces at shops.

Inventory:

Hand Weapons
 t - a +5 falchion of electrocution (weapon)
 w - a +4 dagger of holy wrath
 J - a +3 blowgun
Missiles
 L - 9 curare-tipped needles
Armour
 a - a +2 buckler
 g - a +2 cloak (worn)
 F - a +0 hat (worn)
 H - a +2 pair of boots (worn)
 R - a +0 scale mail (worn)
Jewellery
 e - an uncursed ring of protection from fire
 f - a +4 ring of dexterity
 k - an uncursed ring of fire
 n - a +4 ring of evasion (right hand)
 u - a ring of poison resistance (left hand)
 K - an uncursed ring of wizardry
 P - an uncursed ring of magical power
Wands
 q - a wand of slowing (17/48)
 O - a wand of slowing (5/48)
 S - a wand of slowing (31/48)
Scrolls
 i - 7 scrolls of identify
 p - 2 scrolls of amnesia
 r - 3 scrolls of remove curse
 x - a scroll of enchant armour
 y - 3 scrolls of teleportation
 D - a scroll of fear
 N - a scroll of magic mapping
 T - a scroll of fog
Potions
 l - a potion of heal wounds
 o - a potion of ambrosia
 s - 6 potions of curing
 A - a potion of flight
 C - a potion of magic
 E - 3 potions of brilliance
 I - 2 potions of mutation
Books
 c - a book of Battle

   Spells                             Type                      Level
   a - Infusion                       Charms                       1
   b - Shroud of Golubria             Charms/Translocation         2
   c - Song of Slaying                Charms                       2
   d - Spectral Weapon                Hexes/Charms                 3
   e - Regeneration                   Charms/Necromancy            3
 z - a book of Callings

   Spells                             Type                      Level
   a - Summon Small Mammal            Summoning                    1
   b - Call Imp                       Summoning                    2
   c - Call Canine Familiar           Summoning                    3
   d - Summon Guardian Golem          Hexes/Summoning              3
   e - Summon Lightning Spire         Summoning/Air                4
   f - Summon Ice Beast               Ice/Summoning                4
 M - a book of Debilitation

   Spells                             Type                      Level
   a - Corona                         Hexes                        1
   b - Slow                           Hexes                        2
   c - Gell's Gravitas                Hexes/Translocation          3
   d - Inner Flame                    Hexes/Fire                   3
   e - Cause Fear                     Hexes                        4
   f - Leda's Liquefaction            Hexes/Earth                  4
Miscellaneous
 b - a lamp of fire
Comestibles
 d - 11 bread rations
 h - 9 meat rations
 j - 12 fruits
 m - 6 chunks of flesh
 v - a beef jerky
 G - 3 slices of pizza


   Skills:
 - Level 1.7 Fighting
 + Level 11.7 Long Blades
 + Level 10.3 Armour
 + Level 9.9 Dodging
 - Level 5.0 Spellcasting
 - Level 5.0 Charms
 - Level 5.0 Necromancy


You had 17 spell levels left.
You knew the following spells:

 Your Spells              Type           Power        Failure   Level  Hunger
a - Infusion              Chrm           ####         4%          1    None
b - Regeneration          Chrm/Necr      ####......   12%         3    ##.....


Dungeon Overview and Level Annotations

Branches:
Dungeon (10/15)            Temple (0/1) D:7            Lair (3/6) D:10
 Shoals (0/4) Lair:2        Snake (0/4) Lair:3
    Orc: D:9-12

Shops:
D:6 %   D:10 *

Annotations:
D:3 ZlagarX's ghost, amateur MfIE
D:8 exclusion: ice statue
Lair:3 exclusion: oklob plant


Innate Abilities, Weirdness & Mutations

You have an increased reservoir of magic. (+10% MP)
You are surrounded by a mild repulsion field. (EV +2)
You are agile. (Dex +2)
Scrolls take you longer to read.
Your system is resistant to poisons. (rPois)
Your natural rate of healing is unusually fast.


Message History

The 11-headed hydra is moderately wounded.
Unknown command.
You lop one of the 11-headed hydra's heads off!
The ten-headed hydra grows two more!
You hit the 12-headed hydra!
The 12-headed hydra is moderately wounded.
The 12-headed hydra closely misses you.
The 12-headed hydra completely misses you. x2
The 12-headed hydra bites you!
* * * LOW HITPOINT WARNING * * *
The 12-headed hydra misses you. The 12-headed hydra barely misses you.
The 12-headed hydra completely misses you. x2
The 12-headed hydra bites you but does no damage.
The 12-headed hydra misses you. x2; The 12-headed hydra barely misses you.
You feel extremely strange.
Your vision blurs. x2; You feel resistant to poisons.
The 12-headed hydra bites you but does no damage.
The 12-headed hydra bites you!
* * * LOW HITPOINT WARNING * * *
The 12-headed hydra bites you!
You die...

...##### #.#..# ..P##
##..## ....# ##.##
##..##### #...#
###'##..# ##...#
........## #.#.##
........P# ##...#
........## #.D###
........## ##@.#
.........# #.##
........## #..#
##..#'##.# #.##
##....#### ##..#
###'##.#.# ##..##
.........### #..#######
........+..###..##.P#.#
........#.###.........#


You could see a 12-headed hydra.

Vanquished Creatures
  A hydra (Lair:3)
  A tengu warrior (D:9)
  Sonja (D:10)
  Nergalle (D:10)
  3 hill giants (D:10)
  An ugly thing (D:10)
  A cyclops (D:10)
  A black mamba (Lair:2)
  6 spiny frogs
  4 komodo dragons
  A polar bear (Lair:3)
  A tengu conjurer (D:9)
  20 blink frogs
  5 hippogriffs
  A spriggan (D:8)
  A wraith (D:10)
  A wyvern (Lair:3)
  29 yaks
  A basilisk (Lair:1)
  4 vampire mosquitoes (D:8)
  A mottled dragon (D:7)
  A soldier ant (D:10)
  3 porcupines
  Duvessa (D:6)
  A water moccasin (Lair:2)
  15 ice beasts
  A sky beast (D:8)
  A black bear (D:6)
  4 ogres
  2 phantoms (D:8)
  9 wolves
  8 centaurs
  6 crocodiles
  8 bullfrogs
  A gnoll sergeant (D:8)
  Dowan (D:6)
  2 scorpions
  11 killer bees
  5 wights
  A howler monkey (D:4)
  An electric eel (D:9)
  3 crimson imps
  4 orc priests
  4 hounds
  2 bullfrog skeletons
  3 orc wizards
  2 iguanas
  11 worker ants
  2 hell rats (D:10)
  A hound zombie (D:7)
  4 hound skeletons
  A worker ant zombie (D:5)
  13 gnolls
  2 river rats (D:10)
  11 adders
  An adder zombie (D:6)
  An adder skeleton (D:4)
  2 worms (D:2)
  3 dart slugs
  7 leopard geckos
  24 orcs
  4 giant cockroaches
  13 goblins
  20 hobgoblins
  4 jackals
  13 kobolds
  5 quokkas
  A ball python (D:2)
  4 bats
  10 frilled lizards
  A leopard gecko skeleton (D:6)
  A quokka zombie (D:6)
  6 rats
350 creatures vanquished.

Vanquished Creatures (others)
  A kobold (D:3)
  9 fungi
  2 plants (Lair:2)
  16 toadstools (Lair:3)
28 creatures vanquished.

Grand Total: 378 creatures vanquished

Notes
Turn   | Place    | Note
-------+----------+-------------------------------------------
     0 | D:1      | Jerry the Demigod Skald began the quest for the Orb.
     0 | D:1      | Reached XP level 1. HP: 17/17 MP: 5/5
     2 | D:1      | Noticed a demigod
     2 | D:1      | Noticed a dwarf
     4 | D:1      | Noticed a troll
     4 | D:1      | Noticed a halfling
     6 | D:1      | Noticed a tengu
     6 | D:1      | Noticed a vine stalker
     8 | D:1      | Noticed an octopode
    10 | D:1      | Noticed a centaur
    10 | D:1      | Noticed a felid
    12 | D:1      | Noticed an elf
    12 | D:1      | Noticed a naga
    14 | D:1      | Noticed a human
    16 | D:1      | Noticed a gargoyle
    16 | D:1      | Noticed a demonspawn
    18 | D:1      | Noticed a spriggan
    18 | D:1      | Noticed a minotaur
    20 | D:1      | Noticed a vampire
    22 | D:1      | Noticed an ogre
    24 | D:1      | Noticed a draconian
    24 | D:1      | Noticed a merfolk
    26 | D:1      | Noticed a formicid
    26 | D:1      | Noticed a ghoul
    39 | D:1      | Reached skill level 2 in Long Blades
    39 | D:1      | Reached skill level 1 in Armour
   282 | D:1      | Reached XP level 2. HP: 17/24 MP: 7/7
   940 | D:1      | Reached XP level 3. HP: 28/29 MP: 8/8
  1165 | D:2      | Learned a level 3 spell: Regeneration
  1635 | D:2      | Reached skill level 1 in Necromancy
  1982 | D:2      | Reached XP level 4. HP: 32/36 MP: 9/9
  2541 | D:3      | Found a faded altar of an unknown god.
  2618 | D:3      | Noticed ZlagarX's ghost (amateur MfIE)
  3042 | D:4      | Reached skill level 3 in Long Blades
  3220 | D:4      | Reached XP level 5. HP: 28/41 MP: 7/10
  3534 | D:4      | Got a twisted leather armour
  3601 | D:3      | Identified the cursed +1 leather armour of Ijeips {*Corrode MR+ Dex+6 Stlth+} (You found it on level 4 of the Dungeon)
  3731 | D:4      | Found a faded altar of an unknown god.
  3731 | D:4      | Found a shattered altar of Ashenzari.
  3736 | D:4      | Found a faded altar of an unknown god.
  3738 | D:4      | Found a faded altar of an unknown god.
  3740 | D:4      | Found a faded altar of an unknown god.
  3786 | D:4      | Reached skill level 1 in Dodging
  3949 | D:4      | Reached XP level 6. HP: 35/48 MP: 11/11
  4038 | D:5      | Entered Level 5 of the Dungeon
  4038 | D:5      | Found a glowing golden altar of the Shining One.
  4390 | D:5      | Reached skill level 4 in Long Blades
  4606 | D:5      | Found a sacrificial altar of Ru.
  4706 | D:5      | Noticed a hippogriff
  4710 | D:5      | Killed a hippogriff
  4710 | D:5      | Reached XP level 7. HP: 46/53 MP: 12/12
  5298 | D:6      | Noticed Duvessa
  5299 | D:6      | Noticed Dowan
  5308 | D:5      | Reached skill level 5 in Long Blades
  5364 | D:6      | Killed Duvessa
  5368 | D:6      | Killed Dowan
  5429 | D:6      | Reached XP level 8. HP: 60/60 MP: 10/13
  5547 | D:6      | Found Met Edud's Food Shoppe.
  5950 | D:6      | Gained mutation: You are agile. (Dex +2) [potion of beneficial mutation]
  5951 | D:6      | Gained mutation: You are surrounded by a mild repulsion field. (EV +2) [potion of beneficial mutation]
  6207 | D:7      | Found a shimmering altar of Xom.
  6209 | D:7      | Found a shadowy altar of Dithmenos.
  6209 | D:7      | Found a stormy altar of Qazlal.
  6211 | D:7      | Found a hazy altar of Hepliaklqana.
  6211 | D:7      | Found a shimmering altar of Xom.
  6211 | D:7      | Found a basalt altar of Yredelemnul.
  6294 | D:7      | Reached skill level 6 in Long Blades
  6360 | D:7      | Reached skill level 5 in Dodging
  6650 | D:7      | Reached skill level 5 in Charms
  7221 | D:7      | Found a staircase to the Ecumenical Temple.
  7343 | D:8      | Found a deep blue altar of Sif Muna.
  7401 | D:8      | Reached skill level 5 in Necromancy
  7401 | D:8      | Reached XP level 9. HP: 61/67 MP: 14/14
  7442 | D:8      | Reached skill level 7 in Long Blades
  7846 | D:8      | Noticed an ice devil
  7853 | D:8      | Noticed an ice devil
  7853 | D:8      | Noticed an ice devil
  7853 | D:8      | Noticed an ice devil
  7860 | D:8      | Noticed an ice devil
  7924 | D:8      | Noticed an ice devil
  7925 | D:8      | Noticed an ice statue
  7975 | D:8      | Found a sparkling altar of Nemelex Xobeh.
  7978 | D:8      | Found a glowing silver altar of Zin.
  7981 | D:8      | Found a white marble altar of Elyvilon.
  7982 | D:8      | Found a snail-covered altar of Cheibriados.
  7982 | D:8      | Found an iron altar of Okawaru.
  7983 | D:8      | Found a stormy altar of Qazlal.
  7985 | D:8      | Found a basalt altar of Yredelemnul.
  7988 | D:8      | Found a shadowy altar of Dithmenos.
  8149 | D:8      | Got a colourful robe
  8150 | D:8      | Identified the +1 robe of Music {*Corrode rPois MP+9 Int-2} (You found it on level 8 of the Dungeon)
  8235 | D:8      | Reached skill level 5 in Armour
  8528 | D:9      | Noticed a tengu warrior
  8678 | D:9      | Reached skill level 8 in Long Blades
  8692 | D:9      | Reached XP level 10. HP: 49/73 MP: 16/20
  8912 | D:9      | Reached skill level 5 in Spellcasting
  9143 | D:10     | Entered Level 10 of the Dungeon
  9382 | D:9      | Killed a tengu warrior
  9382 | D:9      | Reached skill level 9 in Long Blades
  9754 | D:10     | Found a staircase to the Lair.
  9756 | D:10     | Noticed Nergalle
  9825 | D:10     | Killed Nergalle
  9933 | D:10     | Noticed a hill giant
  9935 | D:10     | Gained mutation: Your natural rate of healing is unusually fast. [potion of beneficial mutation]
  9946 | D:10     | Killed a hill giant
  9947 | D:10     | Found Fuecuor's General Store.
 10007 | D:10     | Bought a potion of might for 60 gold pieces
 10052 | D:10     | Noticed a red ugly thing
 10067 | D:10     | Killed a red ugly thing
 10067 | D:10     | Reached XP level 11. HP: 79/79 MP: 22/22
 10212 | D:10     | Noticed a hill giant
 10406 | D:10     | Killed a hill giant
 10469 | D:10     | Reached skill level 10 in Long Blades
 10599 | D:10     | Noticed Sonja
 10617 | D:10     | Killed Sonja
 10761 | D:10     | Noticed a hill giant
 10771 | D:10     | Killed a hill giant
 10852 | Lair:1   | Entered Level 1 of the Lair of Beasts
 11591 | Lair:2   | Noticed an eight-headed hydra
 11863 | Lair:2   | Found a staircase to the Shoals.
 12175 | Lair:2   | Noticed a six-headed hydra
 12225 | Lair:2   | Reached XP level 12. HP: 77/85 MP: 18/23
 12379 | Lair:2   | Reached skill level 11 in Long Blades
 13121 | Lair:3   | Found a blossoming altar of Fedhas.
 13248 | Lair:3   | Reached skill level 10 in Armour
 13283 | Lair:3   | Noticed a five-headed hydra
 13316 | Lair:3   | Noticed an eight-headed hydra
 13323 | Lair:3   | Killed a ten-headed hydra
 13509 | Lair:3   | Found a staircase to the Snake Pit.
 13650 | Lair:3   | Gained mutation: Scrolls take you a little longer to read. [potion of mutation]
 13650 | Lair:3   | Gained mutation: Scrolls take you longer to read. [potion of mutation]
 13650 | Lair:3   | Gained mutation: Your system is resistant to poisons. (rPois) [potion of mutation]
 13650 | Lair:3   | Slain by a 12-headed hydra

Skill      XL: |  1  2  3  4  5  6  7  8  9 10 11 12 |
---------------+-------------------------------------+-----
Long Blades    | 2 3 4 5 6 8 9 10 11 | 11.7
Armour         | 1 2 3 5 7 9 10 | 10.3
Charms         | 3 5 |  5.0
Necromancy     | 1 2 3 4 5 |  5.0
Dodging        | 1 2 4 5 6 8 9 |  9.9
Spellcasting   | 4 5 |  5.0
Fighting       | |  1.7

Action                   |  1- 3 |  4- 6 |  7- 9 | 10-12 || total
-------------------------+-------+-------+-------+-------++-------
Melee: Falchion          |   153 |    78 |   369 |   729 ||  1329
       Dagger            |       |   121 |       |       ||   121
Throw: Tomahawk          |       |       |       |     3 ||     3
 Cast: Infusion          |       |     6 |     8 |    13 ||    27
       Regeneration      |       |       |     8 |    27 ||    35
Evoke: Wand              |       |       |     9 |       ||     9
  Use: Potion            |       |     7 |     2 |    13 ||    22
       Scroll            |       |       |    27 |     7 ||    34
 Stab: Sleeping          |       |     4 |     8 |     8 ||    20
       Distracted        |       |       |     2 |     2 ||     4
  Eat: Chunk             |     4 |     7 |    12 |    20 ||    43
       Beef jerky        |       |     1 |       |       ||     1
       Fruit             |       |       |     1 |       ||     1
       Pizza             |       |       |     1 |       ||     1
Armor: Leather armour    |     2 |    15 |    53 |    79 ||   149
       Ring mail         |    49 |    41 |       |       ||    90
       Scale mail        |       |       |       |    48 ||    48
Dodge: Dodged            |    88 |   103 |   405 |   742 ||  1338
       Rpst.: Falchion   |    29 |    12 |   142 |   187 ||   370
